AoeStats
← WhipLord

Arabia

504902657Analyzed
2v2 RM · 24d ago on Sep 7, 2026· 51m 37s· 4 players
Game mode
Random Map
Map size
Medium (4 player)
Population
200
Speed
Normal
Resources
Standard
Victory
Conquest
Starting age
Dark Age
Ending age
Imperial Age
RankedLock teamsTeams togetherTeam positionsShared explorationLock speedFull tech treeHidden civsTurbo modeCheats
Victory
Defeat
🇨🇱 Huns · Chile
776
+15
🇨🇦 Japanese · Canada
768
+15
🇦🇺 Byzantines · Australia
761
-30
🇦🇺 Franks · Australia
761
-30
yos
8:26 Loom
11:16 Feudal Age
23:14 Castle Age
21:47 Scale Barding Armor
23:17 Forging
30:42 Husbandry
42:39 Gambesons
WhipLord
10:27 Feudal Age
14:08 Double-Bit Axe
14:10 Horse Collar
19:22 Fletching
19:33 Scale Mail Armor
24:24 Castle Age
24:26 Elite Skirmisher
24:29 Pikeman
27:02 Squires
26:47 Arson
27:10 Bodkin Arrow
31:39 Gold Mining
31:39 Stone Mining
33:21 Bow Saw
36:49 Imperial Age
36:10 Heavy Plow
37:06 Ballistics
36:52 Padded Archer Armor
37:11 Chain Mail Armor
40:56 Halberdier
V snacks
2:27 Loom
12:13 Feudal Age
13:27 Town Watch
15:55 Double-Bit Axe
16:58 Scale Mail Armor
21:44 Castle Age
19:32 Horse Collar
22:41 Forging
23:32 Squires
22:54 Pikeman
24:32 Chain Mail Armor
25:47 Stone Mining
26:19 Bow Saw
29:28 Iron Casting
28:43 Arson
37:20 Heavy Plow
40:35 Imperial Age
38:46 Fletching
42:23 Plate Mail Armor
42:53 Blast Furnace
42:22 Gold Mining
42:31 Bodkin Arrow
47:07 Kataparuto
46:57 Yasama
51:15 Halberdier
sereno_loyola_victor
5:29 Loom
13:12 Feudal Age
17:15 Double-Bit Axe
19:05 Wheelbarrow
24:52 Castle Age
28:59 Gold Mining
28:59 Stone Mining
28:37 Light Cavalry
29:27 Bloodlines
29:19 Husbandry
32:03 Forging
32:01 Scale Barding Armor
32:13 Bloodlines
35:10 Iron Casting
38:41 Chain Barding Armor
44:58 Horse Collar
45:55 Gold Shaft Mining
47:25 Hand Cart
52:11 Marauders
Connection lost

Rejoining the realm…

Still unreachable

The connection could not be restored.

Session expired

The server has moved on; the page needs a fresh start.